 Dungeon Crawl Stone Soup version 0.28.0 (webtiles) character file.

Game seed: 14914077142929821980

2274 browni3141 the Fighter (level 9, -3/81 HPs)
             Began as a Minotaur Fighter on Feb 11, 2022.
             Was a Follower of Okawaru.
             Slain by a two-headed ogre (5 damage)
             ... on level 7 of the Dungeon.
             The game lasted 00:05:29 (7932 turns).

browni3141 the Fighter (Minotaur Fighter)           Turns: 7932, Time: 00:05:30

Health: -3/81      AC: 19    Str: 25    XL:     9   Next: 16%
Magic:  17/17      EV:  8    Int:  7    God:    Okawaru [*.....]
Gold:   377        SH:  9    Dex:  7    Spells: 8/8 levels left

rFire   + + +      SeeInvis .   a - +0 war axe
rCold   . . .      Faith    .   C - +0 kite shield {AC+3}
rNeg    . . .      Spirit   .   A - +6 scale mail of Noni {rPois rF+++ MP+9 Int+2 Dex-3}
rPois   +          Reflect  .   (helmet restricted)
rElec   .          Harm     .   u - +0 cloak
rCorr   .          Rampage  .   (no gloves)
Will    .....                   i - +0 pair of boots
Stlth   ..........              (no amulet)
HPRegen 0.23/turn               (no ring)
MPRegen 0.15/turn               (no ring)

@: no status effects
A: horns 2, retaliatory headbutt
a: Renounce Religion, Heroism


You were on level 7 of the Dungeon.
You worshipped Okawaru.
Okawaru was aware of your devotion.
You visited 2 branches of the dungeon, and saw 8 of its levels.
You also visited: Sewer and Bailey.

You collected 377 gold pieces.

Inventory:

Hand Weapons
 a - a +0 war axe (weapon)
Armour
 b - a +0 scale mail
 c - a +0 buckler
 g - a +0 chain mail
 i - a +0 pair of boots (worn)
 u - a +0 cloak (worn)
 A - the +6 scale mail of Noni (worn) {rPois rF+++ MP+9 Int+2 Dex-3}
   (You found it in a bailey)

   Int:       It affects your intelligence (+2).
   Dex:       It affects your dexterity (-3).
   rF:        It renders you almost immune to fire.
   rPois:     It protects you from poison.
   MP:        It affects your magic capacity (+9).
 B - a +2 plate armour of positive energy
 C - a +0 kite shield of protection (worn)
Jewellery
 D - a ring of magical power
Wands
 y - a wand of flame (10) (quivered)
Scrolls
 d - a scroll of vulnerability {unknown}
 j - 3 scrolls of identify {unknown}
 k - a scroll of noise {unknown}
 l - a scroll of blinking {unknown}
 n - a scroll of fear {unknown}
 o - a scroll of amnesia {unknown}
 q - 5 scrolls of teleportation
 s - a scroll of enchant weapon {unknown}
 t - a scroll of enchant armour {unknown}
 w - a scroll of summoning {unknown}
 z - a scroll of brand weapon {unknown}
 E - a scroll of fog {unknown}
Potions
 e - 3 potions of magic {unknown}
 f - 2 potions of curing
 h - a potion of mutation {unknown}
 m - 5 potions of brilliance {unknown}
 p - 4 potions of flight
 r - a potion of degeneration {unknown}
 v - 2 potions of berserk rage {unknown}
 x - a potion of attraction {unknown}


   Skills:
 + Level 8.2 Fighting
 + Level 7.6 Axes
 + Level 8.2 Armour
 + Level 8.1 Shields


You had 8 spell levels left.
You didn't know any spells.
Your spell library contained the following spells:

 Spells                   Type           Power      Damage    Failure   Level
 Magic Dart               Conj           0%         1d3       94%         1
 Gell's Gravitas          Tloc           0%         N/A       100%        3
 Mephitic Cloud           Conj/Pois/Air  0%         N/A       100%        3
 Teleport Other           Tloc           0%         N/A       100%        3
 Passage of Golubria      Tloc           0%         N/A       100%        4
 Yara's Violent Unravell  Hex/Tmut       0%         3d3       100%        5
 Dispersal                Tloc           0%         N/A       100%        6
 Call Imp                 Summ           Unusable   N/A       N/A         2
 Tukima's Dance           Hex            Unusable   N/A       N/A         3
 Animate Dead             Necr           Unusable   N/A       N/A         4
 Haunt                    Necr/Summ      Unusable   N/A       N/A         7
 Infestation              Necr           Unusable   N/A       N/A         8

Dungeon Overview and Level Annotations

Branches:
Dungeon (7/15)             Temple (1/1) D:5           Sewer (visited)
 Bailey (visited)

Altars:
Ashenzari
Dithmenos
Elyvilon
Gozag
Hepliaklqana
Kikubaaqudgha
Nemelex Xobeh
Okawaru
Ru
Sif Muna
Trog
Uskayaw
Vehumet
Wu Jian
Xom
Yredelemnul
Zin
The Shining One

Shops:
D:7 :


Innate Abilities, Weirdness & Mutations

You have a pair of horns on your head.
You reflexively headbutt those who attack you in melee.


Message History

A two-headed ogre is nearby!
A two-headed ogre is nearby!
The two-headed ogre completely misses you.
You block the two-headed ogre's attack.
You hit the two-headed ogre.
The two-headed ogre is lightly wounded.
The two-headed ogre hits you with a +0 giant spiked club.
You block the two-headed ogre's attack.
You hit the two-headed ogre.
The two-headed ogre is lightly wounded.
You block the two-headed ogre's attack. x2
You slash the two-headed ogre!
The two-headed ogre is moderately wounded.
The two-headed ogre hits you with a +0 giant spiked club.
The two-headed ogre hits you with a +0 giant club!
You hit the two-headed ogre.
Your headbutt misses the two-headed ogre.
The two-headed ogre is heavily wounded.
You block the two-headed ogre's attack.
The two-headed ogre hits you with a +0 giant club!
You barely miss the two-headed ogre.
The two-headed ogre is heavily wounded.
You slash the two-headed ogre!
The two-headed ogre is severely wounded.
You block the two-headed ogre's attack. x2
You barely miss the two-headed ogre. You headbutt the two-headed ogre!
The two-headed ogre is almost dead.
The two-headed ogre hits you with a +0 giant spiked club.
You block the two-headed ogre's attack.
You hit the two-headed ogre but do no damage.
The two-headed ogre is almost dead.
The two-headed ogre hits you with a +0 giant spiked club!
* * * LOW HITPOINT WARNING * * *
You block the two-headed ogre's attack.
You hit the two-headed ogre.
The two-headed ogre is almost dead.
The two-headed ogre hits you with a +0 giant spiked club!!
* * * LOW HITPOINT WARNING * * *
The two-headed ogre hits you with a +0 giant club.
You die...

#.#
#.#######.#
#.#
#.........#
###.#
#...#######
....#########
#.#.#
.............
#.#.#
.....########
#.#.#
.###...#
#.#.# ##
#...# #.#.#
#...# #@#..
## #...#
#O### . #...#
#.# . #.###
... #.# ..#
.# #.# ...#
.# #.# ...#
## #.# ....#
.. #.#


You could see a two-headed ogre.

Vanquished Creatures
  Grinder (D:4)
  A water moccasin (D:4)
  4 orc warriors (Bailey)
  An ice beast (D:7)
  2 ogres
  A necrophage (D:5)
  4 centaurs (D:6)
  2 phantoms
  2 scorpions
  A wyvern skeleton (D:6)
  A bullfrog zombie (D:6)
  2 jellies
  A centaur zombie (D:7)
  A hound (D:4)
  Terence (D:2)
  3 iguanas
  A merfolk siren (Sewer)
  2 orc wizards
  A merfolk avatar (Sewer)
  9 adders
  3 river rats (Sewer)
  An adder skeleton (D:4)
  3 worms
  3 dart slugs
  26 orcs
  7 ball pythons
  5 endoplasms
  9 giant cockroaches
  9 goblins
  8 hobgoblins
  7 jackals
  6 kobolds
  8 quokkas
  5 bats
  6 frilled lizards
  16 rats
163 creatures vanquished.

Notes
Turn   | Place    | Note
-------+----------+-------------------------------------------
     0 | D:1      | browni3141 the Minotaur Fighter began the quest for the
                  | Orb.
     0 | D:1      | Reached XP level 1. HP: 19/19 MP: 0/0
   126 | D:1      | Reached XP level 2. HP: 27/27 MP: 1/1
   734 | D:1      | Reached XP level 3. HP: 33/33 MP: 2/2
  1147 | D:2      | Reached XP level 4. HP: 32/40 MP: 3/3
  1228 | D:2      | Noticed Terence
  1237 | D:2      | Killed Terence
  1429 | D:2      | Found a faded altar of an unknown god.
  1891 | D:3      | Reached XP level 5. HP: 46/47 MP: 4/4
  1947 | D:3      | Found a glowing drain.
  1961 | Sewer    | Entered a sewer
  2171 | Sewer    | Reached skill level 5 in Armour
  2242 | Sewer    | Reached skill level 5 in Shields
  2251 | Sewer    | Reached skill level 5 in Fighting
  2977 | D:3      | Reached XP level 6. HP: 56/56 MP: 5/5
  2977 | D:3      | Found a basalt altar of Yredelemnul.
  3312 | D:4      | Identified the +10 rapier "Keosch" {antimagic, rC+ Will-
                  | Dex+6}
  3501 | D:4      | Noticed a water moccasin
  3510 | D:4      | Killed a water moccasin
  3745 | D:4      | Noticed Grinder
  3764 | D:4      | Killed Grinder
  3765 | D:4      | Reached skill level 5 in Axes
  3765 | D:4      | Reached XP level 7. HP: 50/62 MP: 6/6
  3952 | D:4      | Found a hazy altar of Hepliaklqana.
  4208 | D:5      | Entered Level 5 of the Dungeon
  4326 | D:5      | Found a staircase to the Ecumenical Temple.
  4347 | D:5      | Found an ancient bone altar of Kikubaaqudgha.
  5006 | D:5      | Reached XP level 8. HP: 71/71 MP: 7/7
  5405 | Temple   | Entered the Ecumenical Temple
  5451 | Temple   | Became a worshipper of Warmaster Okawaru
  6104 | D:6      | Found a radiant altar of Vehumet.
  6183 | D:6      | Found a glowing golden altar of the Shining One.
  6750 | D:7      | Found Vaekavec's Book Emporium.
  6776 | D:7      | Found a flagged portal.
  6794 | Bailey   | Entered a bailey
  6982 | Bailey   | Reached * piety under Okawaru
  7067 | Bailey   | Noticed an orc knight
  7183 | Bailey   | Reached XP level 9. HP: 19/81 MP: 8/8
  7472 | Bailey   | Identified the +6 scale mail of Noni {rPois rF+++ MP+9
                  | Int+2 Dex-3}
  7920 | D:7      | Noticed a two-headed ogre
  7932 | D:7      | HP: 2/81 [two-headed ogre (23)]
  7932 | D:7      | Slain by a two-headed ogre

Illustrated notes

Levels and vault maps discovered:
D:1:      lightli_iron_boxes, layout_basic
D:2:      layout_loops_ring, shapermc_ecumenical_altar_mp_vishouse,
          due_unseen_surprise, uniq_terence
D:3:      layout_rooms, lemuel_round_altar, gup_sewer_entry_pipe
D:4:      layout_loops_ring, lemuel_crystal_altar, uniq_grinder
D:5:      layout_layer_cave, kiku_gazebo_pond_becter, temple_pool_b,
          minivault_19
D:6:      layout_loops_ring, mainiacjoe_overflow_six_doors_small,
          lemuel_coloured_pillars_altar, minmay_misc_feat_columns
D:7:      layout_basic, serial_shops, nicolae_square_shop, enter_bailey_5,
          amcnicky_mini_corridor_feature
Temple:   eino_wide_crystal_templ

Skill      XL: |  1  2  3  4  5  6  7  8  9 |
---------------+----------------------------+-----
Armour         | 4 5 6 8 |  8.2
Fighting       | 4 5 6 7 8 |  8.2
Shields        | 4 5 6 7 8 |  8.1
Axes           | 3 4 5 6 7 |  7.6

Action                   |  1- 3 |  4- 6 |  7- 9 || total
-------------------------+-------+-------+-------++-------
Melee: War axe           |    84 |   230 |   175 ||   489
       Headbutt          |     8 |    29 |    31 ||    68
Evoke: Wand              |       |       |     7 ||     7
  Use: Potion            |       |     1 |     1 ||     2
Armor: Scale mail        |     9 |       |     5 ||    14
       Chain mail        |    48 |   136 |   109 ||   293
Dodge: Dodged            |    36 |    73 |    90 ||   199
Block: Buckler           |    16 |    60 |    53 ||   129
       Kite shield       |       |       |    14 ||    14
